 Dungeon Crawl Stone Soup version 0.21.0-25-ge575cb9ce8 (webtiles) character file.

37 FessEmpty2 the Skirmisher (level 3, -1/29 HPs)
             Began as a Demonspawn Fighter on Jan 27, 2018.
             Slain by a hobgoblin (3 damage)
             ... on level 1 of the Dungeon.
             The game lasted 00:01:36 (941 turns).

FessEmpty2 the Skirmisher (Demonspawn Fighter)       Turns: 941, Time: 00:01:37

Health: -1/29      AC:  6    Str: 17    XL:     3   Next: 21%
Magic:  3/3        EV:  6    Int:  9    God:
Gold:   136        SH:  8    Dex: 12    Spells: 2/2 levels left

rFire    . . .     SeeInvis .   a - +0 flail
rCold    . . .     Gourm    .   c - +0 shield
rNeg     . . .     Faith    .   b - +0 scale mail
rPois    .         Spirit   .   (no helmet)
rElec    .         Reflect  .   (no cloak)
rCorr    .         Harm     .   (no gloves)
MR       .....                  (no boots)
Stlth    ..........             (no amulet)
HPRegen  0.09/turn              (no ring)
MPRegen  0.08/turn              (no ring)

@: no status effects
A: hooves 1, powered by pain 1
a: no special abilities


You were on level 1 of the Dungeon.
You were not hungry.

You visited 1 branch of the dungeon, and saw 2 of its levels.

You collected 136 gold pieces.

Inventory:

Hand Weapons
 a - a +0 flail (weapon)
Armour
 b - a +0 scale mail (worn)
 c - a +0 shield (worn)
Scrolls
 i - a scroll of enchant armour {unknown}
 j - a scroll of amnesia {unknown}
 k - a scroll of blinking {unknown}
 l - a scroll of teleportation {unknown}
 m - a scroll of fear {unknown}
 o - a scroll of noise {unknown}
Potions
 d - a potion of might
 e - 2 potions of degeneration {unknown}
 g - 2 potions of flight {unknown}
 h - a potion of ambrosia {unknown}
 n - a potion of heal wounds {unknown}
Comestibles
 f - 3 rations


   Skills:
 + Level 3.4 Fighting
 + Level 2.4 Maces & Flails
 + Level 3.1 Armour
 - Level 2.6 Shields


You had 2 spell levels left.
You didn't know any spells.

Dungeon Overview and Level Annotations

Branches:
Dungeon (2/15)

Altars:


Innate Abilities, Weirdness & Mutations

You have large cloven feet.
You sometimes gain a little power by taking damage.


Message History

Your shield and scale mail prevent you from hitting the gnoll.
You kick the gnoll.
The gnoll is lightly wounded.
You block the gnoll's attack.
There is a stone staircase leading up here.
The hobgoblin hits you but does no damage.
You climb upwards.
There is a stone staircase leading down here.
The hobgoblin hits you but does no damage.
There is an open door here.
The hobgoblin hits you but does no damage.
You closely miss the hobgoblin. The hobgoblin hits you.
* * * LOW HITPOINT WARNING * * *
You hit the hobgoblin but do no damage.
The hobgoblin hits you but does no damage.
You closely miss the hobgoblin. Your kick misses the hobgoblin.
The hobgoblin hits you.
* * * LOW HITPOINT WARNING * * *
The hobgoblin hits you.
You die...

##.##.##.#.#.# ##......# #
##.##.##.#...# #.###### #
#..##.##)###.# #.# #
#.###.##.###.##### ##+## # #.#
#.##.........# ##...## #
#.###.##.....###.# ##.....## #
......###.##..##.###.......## ##
...######.##...#.##.........####.
................@gg>........)....
...######........##.........####.
#..# #####.######.......## ##
...# #.# ##.....## # .#.# #.#
##...## .#.# #.# ##'## ...#
#.#########.# .### #.........#.#
.# #########.#.#########


You could see a gnoll and a hobgoblin.

Vanquished Creatures
  An ooze (D:2)
  A worm (D:2)
  A dart slug (D:1)
  3 giant cockroaches
  4 goblins (D:1)
  4 hobgoblins (D:1)
  4 kobolds
  4 bats
  2 frilled lizards (D:1)
  A rat (D:1)
25 creatures vanquished.

Notes
Turn   | Place    | Note
-------+----------+-------------------------------------------
     0 | D:1      | FessEmpty2 the Demonspawn Fighter began the quest for the Orb.
     0 | D:1      | Reached XP level 1. HP: 18/18 MP: 1/1
   162 | D:1      | Gained mutation: You have large cloven feet. [demonic ancestry]
   162 | D:1      | Reached XP level 2. HP: 22/24 MP: 2/2
   854 | D:2      | Gained mutation: You sometimes gain a little power by taking damage. [demonic ancestry]
   854 | D:2      | Reached XP level 3. HP: 28/29 MP: 3/3
   941 | D:1      | Slain by a hobgoblin

Skill      XL: |  1  2 |
---------------+-------+-----
Maces & Flails | 2 |  2.4
Armour         | 3 |  3.1
Fighting       | |  3.4
Shields        | |  2.6

Action                   || total
-------------------------++-------
Melee: Flail             ||    76
       Kick              ||    20
Armor: Scale mail        ||    29
Dodge: Dodged            ||    22
Block: Shield            ||    34
